 Dungeon Crawl Stone Soup version 0.26.1-11-gd32895ea62 (webtiles) character file.

Game seed: 14427559468260189786

650205 Amplified the Slayer (level 27, -16/227 HPs)
             Began as a White Draconian Hedge Wizard on Apr 10, 2021.
             Was the Champion of Vehumet.
             Killed from afar by a lich (38 damage)
             ... with an iron shot
             ... on level 2 of the Realm of Zot on Apr 13, 2021.
             The game lasted 03:07:03 (86565 turns).

Amplified the Slayer (DrWz)                        Turns: 86565, Time: 03:07:04

Health: -16/227    AC: 31    Str: 15    XL:     27
Magic:  31/45      EV: 26    Int: 18    God:    Vehumet [******]
Gold:   3485       SH:  6    Dex: 16    Spells: 12/63 levels left

rFire    + + +     SeeInvis +   U - +3 Elemental Staff {rElec rF++ rC++ Will++ AC+5}
rCold    + + +     Faith    .   O - +1 buckler {AC+3}
rNeg     + + .     Spirit   .   (armour unavailable)
rPois    .         Reflect  .   q - +1 hat of the Worm {rElec}
rElec    +         Harm     .   K - +2 cloak {rCorr}
rCorr    +         Rampage  .   r - +2 pair of gloves
Will     ++++.     Clarity  +   X - +2 pair of boots {Fly}
Stlth    ++........             i - amulet of Julyhem {rElec rC+ Regen+}
HPRegen  0.87/turn              w - ring of Fatusianyph {Wiz rF+ rN+}
MPRegen  0.29/turn              G - ring of the Skies Above {rN+ SInv Stlth-}

@: flying, contaminated, glowing
A: breathe frost, unfitting armour, antennae 1, blurry vision 1, clarity, clumsy
1, cold resistance 1, frail 1, screaming 1, wild magic 1, evolution 1,
cold-blooded, AC +13
}: 4/15 runes: decaying, serpentine, silver, abyssal
a: Breathe Frost, Stop Flying, Renounce Religion


You were on level 2 of the Realm of Zot.
You worshipped Vehumet.
Vehumet was exalted by your worship.
You visited 11 branches of the dungeon, and saw 50 of its levels.
You visited the Abyss 1 time.
You also visited: Trove, Gauntlet, Ice Cave and Wizlab.

You collected 9367 gold pieces.
You spent 5882 gold pieces at shops.

Inventory:

Hand Weapons
 A - the +9 staff of Wucad Mu {*channel}
   (You found it in a wizard's laboratory)
 U - the +3 Elemental Staff (weapon) {rElec rF++ rC++ Will++ AC+5}
   (You acquired it on level 1 of the Crypt)

   It affects your AC (+5).
   It greatly protects you from fire.
   It greatly protects you from cold.
   It insulates you from electricity.
   It affects your willpower, your defense against some magical effects.
Missiles
 g - 125 poisoned darts
 H - 5 throwing nets
Armour
 q - the +1 hat of the Worm (worn) {rElec}
   (You found it in a Gauntlet)

   It insulates you from electricity.
 r - a +2 pair of gloves (worn)
 K - a +2 cloak of preservation (worn)
 O - a +1 buckler of protection (worn)
 T - the +2 tower shield "Qenagig" {Dex+6 Stlth-}
   (You took it off Louise on level 1 of the Swamp)

   It affects your dexterity (+6).
   It makes you less stealthy.
 X - a +2 pair of boots of flying (worn)
Jewellery
 i - the amulet of Julyhem (around neck) {rElec rC+ Regen+}
   (You found it in a Gauntlet)

   [amulet of regeneration]

   It protects you from cold.
   It insulates you from electricity.
   It increases your rate of regeneration.
 m - the ring "Jocynu" {+Blink AC+4 Dex+2}
   (You found it on level 3 of the Vaults)

   [ring of protection]

   It affects your AC (+4).
   It affects your dexterity (+2).
   It lets you blink.
 t - an uncursed ring of positive energy
 w - the ring of Fatusianyph (left hand) {Wiz rF+ rN+}
   (You took it off a fire giant on level 5 of the Vaults)

   [ring of wizardry]

   It improves your spell success rate.
   It protects you from fire.
   It protects you from negative energy.
 G - the ring of the Skies Above (right hand) {rN+ SInv Stlth-}
   (You found it on level 1 of the Crypt)

   [ring of attention]

   It protects you from negative energy.
   It lets you see invisible.
   It makes you less stealthy.
 I - the ring "Otaryozo" {*Corrode rPois rC+++ MP+9 Int+4}
   (You acquired it on level 11 of the Dungeon)

   [ring of poison resistance]

   It affects your intelligence (+4).
   It renders you almost immune to cold.
   It protects you from poison.
   It affects your magic capacity (+9).
   It may corrode you when you take damage.
 L - the ring "Fuemu" {rF+ EV+4 Dex+3}
   (You found it in a Gauntlet)

   [ring of evasion]

   It affects your evasion (+4).
   It affects your dexterity (+3).
   It protects you from fire.
 P - an uncursed ring of positive energy
Wands
 j - a wand of random effects (22)
 p - a wand of polymorph (25)
 u - a wand of enslavement (17)
 E - a wand of digging (19)
 F - a wand of flame (198)
 J - a wand of disintegration (72)
 M - a wand of iceblast (44)
 V - a wand of paralysis (9)
 Y - a wand of acid (29)
Scrolls
 b - 11 scrolls of enchant armour
 e - 3 scrolls of teleportation
 f - a scroll of fear
 h - a scroll of fog
 n - 20 scrolls of remove curse
 s - 2 scrolls of enchant weapon
 v - 2 scrolls of identify
 R - 2 scrolls of holy word
 W - 8 scrolls of amnesia
Potions
 a - 10 potions of lignification
 c - 2 potions of ambrosia
 d - 2 potions of resistance
 l - 7 potions of brilliance
 o - 8 potions of attraction
 x - 8 potions of cancellation
 S - a potion of magic
Miscellaneous
 k - a condenser vane
 y - a phantom mirror
 Q - a tin of tremorstones (2/2)


   Skills:
 - Level 21.7 Fighting
 - Level 7.1 Short Blades
 - Level 14.0 Staves
 - Level 17.8 Dodging
 - Level 14.1 Stealth
 - Level 4.5 Shields
 * Level 18.6 Spellcasting
 - Level 5.4 Conjurations
 - Level 4.6 Hexes
 - Level 1.0 Summonings
 - Level 15.6 Necromancy
 - Level 1.0 Translocations
 * Level 7.3 Transmutations
 - Level 10.4 Ice Magic
 - Level 15.1 Air Magic
 * Level 2.0 Earth Magic
 - Level 14.5 Evocations


You had 12 spell levels left.
You knew the following spells:

 Your Spells              Type           Power        Failure   Level
a - Freezing Cloud        Conj/Ice/Air   51%          1%          6
b - Blink                 Tloc           N/A          2%          2
c - Statue Form           Tmut/Erth      40%          34%         6
d - Ozocubu's Armour      Ice            82%          1%          3
e - Tornado               Air            47%          54%         9
f - Airstrike             Air            47%          1%          4
g - Irradiate             Conj/Tmut      25%          1%          5
h - Yara's Violent Unrav  Hex/Tmut       24%          1%          5
i - Dispel Undead         Necr           76%          1%          4
j - Passwall              Tmut/Erth      50%          1%          2
k - Silence               Hex/Air        40%          1%          5

Your spell library contained the following spells:

 Spells                   Type           Power        Failure   Level
 Lehudib's Crystal Spear  Conj/Erth      28%          98%         8
 Shatter                  Erth           23%          100%        9
 Animate Skeleton         Necr           100%         1%          1
 Beastly Appendage        Tmut           100%         1%          1
 Corona                   Hex            47%          1%          1
 Foxfire                  Conj/Fire      100%         1%          1
 Freeze                   Ice            100%         1%          1
 Magic Dart               Conj           100%         1%          1
 Pain                     Necr           100%         1%          1
 Sandblast                Erth           92%          1%          1
 Shock                    Conj/Air       100%         1%          1
 Sting                    Tmut/Pois      100%         1%          1
 Corpse Rot               Necr/Air       N/A          1%          2
 Ensorcelled Hibernation  Hex/Ice        100%         1%          2
 Poisonous Vapours        Pois/Air       100%         1%          2
 Slow                     Hex            43%          1%          2
 Sublimation of Blood     Necr           38%          1%          2
 Swiftness                Air            95%          1%          2
 Wereblood                Tmut           54%          1%          2
 Confusing Touch          Hex            43%          1%          3
 Conjure Flame            Conj/Fire      51%          1%          3
 Dazzling Flash           Conj/Hex       90%          1%          3
 Frozen Ramparts          Ice            100%         1%          3
 Ignite Poison            Fire/Tmut/Pois 49%          1%          3
 Mephitic Cloud           Conj/Pois/Air  69%          1%          3
 Spider Form              Tmut/Pois      19%          1%          3
 Static Discharge         Conj/Air       81%          1%          3
 Stone Arrow              Conj/Erth      100%         1%          3
 Tukima's Dance           Hex            43%          1%          3
 Vampiric Draining        Necr           38%          1%          3
 Animate Dead             Necr           38%          1%          4
 Hailstorm                Conj/Ice       73%          1%          4
 Ice Form                 Ice/Tmut       76%          1%          4
 Agony                    Necr           76%          1%          5
 Excruciating Wounds      Necr           38%          1%          5
 Iskenderun's Battlesphe  Conj           47%          1%          5
 Lightning Bolt           Conj/Air       40%          1%          5
 Simulacrum               Ice/Necr       45%          1%          6
 Call Imp                 Summ           26%          2%          2
 Summon Ice Beast         Ice/Summ       64%          2%          4
 Blade Hands              Tmut           27%          2%          5
 Cause Fear               Hex            21%          3%          4
 Petrify                  Tmut/Erth      60%          3%          4
 Call Canine Familiar     Summ           26%          4%          3
 Teleport Other           Tloc           26%          4%          3
 Leda's Liquefaction      Hex/Erth       27%          5%          4
 Olgreb's Toxic Radiance  Pois           21%          5%          4
 Bolt of Magma            Conj/Fire/Erth 33%          5%          5
 Lee's Rapid Deconstruct  Erth           23%          6%          5
 Passage of Golubria      Tloc           N/A          12%         4
 Alistair's Intoxication  Tmut/Pois      26%          12%         5
 Eringya's Noxious Bog    Tmut/Pois      19%          14%         6
 Iron Shot                Conj/Erth      28%          14%         6
 Summon Mana Viper        Hex/Summ       34%          16%         5
 Summon Demon             Summ           13%          30%         5
 Summon Forest            Summ/Tloc      13%          30%         5
 Invisibility             Hex            43%          34%         6
 Orb of Destruction       Conj           23%          34%         7
 Spellforged Servitor     Conj/Summ      18%          58%         7
 Shadow Creatures         Summ           N/A          82%         6
 Malign Gateway           Summ/Tloc      13%          100%        7
 Summon Hydra             Summ           13%          100%        7
 Discord                  Hex            21%          100%        8


Dungeon Overview and Level Annotations

Branches:
Dungeon (15/15)            Temple (0/1) D:5            Lair (6/6) D:9
  Swamp (4/4) Lair:2        Snake (4/4) Lair:4        Slime (0/5) Lair:6
    Orc (2/2) D:10            Elf (3/3) Orc:2        Vaults (5/5) D:14
  Crypt (3/3) Vaults:2       Tomb (0/3) Crypt:3      Depths (5/5) D:15
   Hell (visited)             Zot (2/5) Depths:5      IceCv (visited)
 WizLab (visited)         Gauntlet (visited)
    Dis: Hell:1         Geh: Hell:1         Coc: Hell:1         Tar: Hell:1

Altars:
Cheibriados
Dithmenos
Fedhas
Gozag
Hepliaklqana
Kikubaaqudgha
Makhleb
Nemelex Xobeh
Okawaru
Trog
Uskayaw
Vehumet
Xom
Zin

Shops:
D:4 =   D:10 !   D:12 *   D:13 :**[(}[=}   D:15 [   Orc:2 *}!   Elf:2 *[*!
Elf:3 :   Vaults:5 *[   Depths:2 (   Depths:4 (([

Portals:
Hell: Depths:1 Depths:2 Depths:3 Depths:4 Depths:5
Abyss: Depths:2 Depths:4
Pandemonium: Depths:2 Depths:3 Depths:5
Ziggurat: Depths:3

Annotations:
D:8 2 transporters, lysyklops's ghost, novice OpCj
D:15 Get money for armour
Lair:2 exclusion: oklob plant
Lair:3 exclusion: oklob plant
Snake:2 Aizul
Crypt:1 Time for magical run
Crypt:2 3 runed translucent doors, Osipn's ghost, veteran MiGl
Depths:5 Sojobo


Innate Abilities, Weirdness & Mutations

You can breathe waves of freezing cold.
You can buffet flying creatures when you breathe cold.
Your icy white scales are hard. (AC +13)
You cannot fit into any form of body armour.
Your flesh is cold resistant. (rC+)
You are cold-blooded and may be slowed by cold attacks.
You have a pair of small antennae on your head.
Scrolls take you a little longer to read.
You possess an exceptional clarity of mind.
You are clumsy. (Dex -2)
You are frail. (-10% HP)
You occasionally shout uncontrollably at your foes.
Your spells are a little harder to cast, but a little more powerful.
You evolve.


Message History

The vampire mage barely misses you. The vampire mage misses you.
The necromancer mumbles some strange words.
The necromancer binds the souls of nearby monsters.
The quicksilver dragon rages.
The necromancer moves out of view.
You hear a shout!
There is an open door, spattered with blood here.
Unknown command.
Unknown command.
Unknown command.
Unknown command.
A necromancer comes into view. It is wielding a +2 dagger of speed.
You feel yourself speed up. The winds around you calm down.
The death cob hits you but does no damage.
The vampire mage casts a spell at itself.
The vampire mage flickers and vanishes for a moment.
The death cob completely misses you.
The lich points at you and mumbles some strange words.
The iron shot hits you!!!
You die...

{#..### {#....## #+## {#......
...# {#.d..§. . ... {#.q#### ...
####L#### ..{#qd#
...p#.......#p..{#.q#
.......#..pp'p..8...V...{#z.#
#......# #..@pVV.# { {#..#
##......#########z#########..#
#.............d.DDdd.q.......#
#................†q.q...q.q..####
...........#..####.#####..##.....
..............# #..## #..#####..
..............###...# #..##.....
....###........#....## #.........
....# #..........##..# #.........


You could see a white draconian knight (soul bound, misshapen), a storm dragon
(berserk, drained), a black draconian, a purple draconian (soul bound, slow,
catching breath), a red draconian shifter, a death cob, a lich, 3 vampire magi
and 6 necromancers.

Vanquished Creatures
  3 ancient liches (Crypt:3)
  2 juggernauts (Depths:2)
  The ghost of Hynnuzim the Warrior, a veteran CeHu of the Shining One (Crypt:3)
  The ghost of Teduw the Impregnable, a veteran MiGl of Hepliaklqana (Crypt:1)
  Saint Roka (Depths:3)
  Geryon (Hell)
  2 curse toes (Crypt:3)
  5 caustic shrikes (Depths:5)
  8 golden dragons
  A bone dragon (Depths:5)
  5 liches
  The ghost of Almogavar the Slayer, an adept MiBe of Trog (Elf:3)
  Jorgrun (Orc:1)
  13 tentacled monstrosities
  Rupert (Lair:3)
  4 titans (Vaults:5)
  2 deep elf blademasters (Elf:3)
  An Ice Fiend (IceCv)
  2 deep elf master archers (Elf:3)
  6 ancient champions
  3 acid blobs (Depths:5)
  A quicksilver dragon (Depths:2)
  4 death cobs
  2 sphinxes
  2 tentacled starspawn
  Frances (Elf:1)
  7 shadow dragons
  A thorn hunter (Swamp:3)
  2 azure jellies (Depths:5)
  7 tengu reavers
  7 storm dragons
  5 nagarajas
  10 fire giants
  3 fenstrider witches (Swamp:4)
  13 frost giants
  3 revenants
  A draconian knight (Depths:5)
  A fire giant (shapeshifter) (Depths:2)
  An orc warlord (Elf:3)
  3 deep elf sorcerers
  A curse skull (Crypt:1)
  11 vault wardens
  Louise (Swamp:1)
  2 balrugs
  8 ironheart preservers
  A draconian shifter (Depths:5)
  4 ghouls
  6 deep elf elementalists (Elf:3)
  4 war gargoyles
  5 reapers
  24 very ugly things
  2 spriggan defenders (Depths:5)
  14 stone giants
  6 deep elf demonologists
  5 starcursed masses
  A purple draconian (Zot:1)
  3 vampire knights
  2 black draconians
  2 red draconians
  3 green draconians
  2 entropy weavers
  A lorocyproca (Depths:2)
  3 minotaurs
  3 yellow draconians
  7 deep elf annihilators
  4 bunyips
  2 white draconians (Depths:5)
  2 eleionomae
  10 deep elf death magi
  Snorg (Lair:5)
  5 eidola
  A green death (Swamp:4)
  7 death oozes (Depths:5)
  3 blizzard demons
  23 jiangshi
  14 ettins
  6 deep elf high priests
  10 fire dragons
  12 ogre magi
  14 yaktaur captains
  11 great orbs of eyes
  A shambling mangrove (Swamp:4)
  Erolcha (Orc:1)
  Josephine (D:15)
  26 vault guards (Vaults:5)
  A hell beast (Depths:2)
  15 ice dragons
  11 naga warriors
  7 rakshasas
  17 hydras
  3 spriggan air magi
  5 boulder beetles
  A ghost crab (Swamp:1)
  7 anacondas
  6 catoblepae
  12 centaur warriors
  36 two-headed ogres
  31 dancing weapons
  9 alligators
  4 death knights
  3 tengu warriors
  11 death yaks
  2 death scarabs (Gauntlet)
  8 deep troll shamans
  18 naga sharpshooters
  Urug (Orc:2)
  8 hell hogs
  4 small abominations
  9 deep troll earth magi
  4 spriggan berserkers
  13 vampire magi
  3 shock serpents
  3 soul eaters
  2 thrashing horrors (Abyss:3)
  4 sun demons
  11 hell knights
  2 wretched stars
  21 skeletal warriors
  7 iron trolls
  17 deep elf knights
  A storm dragon zombie (Crypt:2)
  A spectral death yak (Gauntlet)
  2 sixfirhies (Swamp:4)
  2 iron golems (Depths:4)
  4 shadow wraiths
  4 glowing orange brains
  2 salamander mystics
  4 goliath frogs
  2 unseen horrors
  A swamp dragon (shapeshifter) (Depths:4)
  An anaconda zombie (Hell)
  A sea snake (shapeshifter) (Vaults:3)
  A storm dragon skeleton (Hell)
  9 spriggan druids
  A death drake (Abyss:3)
  7 wizards
  A shadow demon (Abyss:2)
  6 flayed ghosts
  A bunyip zombie (Crypt:2)
  22 deep trolls
  An obsidian statue (Crypt:3)
  A spectral hydra (Gauntlet)
  14 bog bodies
  4 naga ritualists
  An anaconda skeleton (Hell)
  A golden dragon skeleton (Crypt:3)
  17 deep elf archers
  9 swamp dragons
  2 orange crystal statues
  10 ironbrand convokers
  7 mana vipers
  10 necromancers
  An iron dragon zombie (Hell)
  10 harpies
  5 cyclopes
  16 phantasmal warriors
  A wolf spider zombie (Crypt:3)
  36 ugly things
  16 orc knights
  54 deep elf magi
  An oklob plant (Lair:1)
  3 orc sorcerers
  8 salamanders
  2 wolf spiders (Vaults:3)
  2 will-o-the-wisps
  2 manticores (Lair:6)
  2 shining eyes (Depths:3)
  A frost giant zombie (Abyss:3)
  A fire giant zombie (Hell)
  6 moths of wrath
  Joseph (D:7)
  18 naga magi
  A worldbinder (Abyss:3)
  2 guardian serpents (shapeshifter)
  6 rust devils
  4 guardian serpents
  An elephant (shapeshifter) (Vaults:5)
  15 vault sentinels
  An iron dragon skeleton (Crypt:3)
  30 black mambas
  An eye of devastation (Depths:3)
  4 smoke demons
  A frost giant skeleton (Crypt:2)
  2 ice statues
  2 gargoyles (D:10)
  A torpor snail (Lair:5)
  A spectral iron troll (Crypt:3)
  An apocalypse crab (Abyss:3)
  3 orange demons
  10 cane toads
  7 freezing wraiths
  39 yaktaurs
  A dire elephant skeleton (Crypt:2)
  A kobold demonologist (D:15)
  11 komodo dragons
  2 yaktaurs (shapeshifter)
  A white draconian zombie (Crypt:2)
  A demonic crawler (Depths:2)
  4 rime drakes
  2 spectral deep trolls (Crypt:3)
  2 death yak skeletons (Crypt:1)
  3 anaconda simulacra (IceCv)
  2 efreet
  7 ice devils (IceCv)
  An ancient zyme (Abyss:2)
  4 guardian mummies (Crypt:3)
  3 catoblepas skeletons (Abyss:3)
  6 red devils
  A golden dragon simulacrum (IceCv)
  9 trolls
  7 hellwings
  A polar bear (Lair:5)
  A meliai (shapeshifter) (Vaults:1)
  8 tyrant leeches
  23 blink frogs
  19 hornets
  A blink frog (shapeshifter) (Vaults:1)
  28 slime creatures
  A boulder beetle zombie (Crypt:2)
  A slime creature (shapeshifter) (Elf:3)
  2 stone giant simulacra
  2 frost giant simulacra
  2 human simulacra
  9 air elementals
  4 redbacks
  7 dream sheep (Lair:4)
  A fire dragon skeleton (Crypt:3)
  An ice dragon skeleton (Crypt:3)
  An alligator skeleton (Hell)
  15 spriggans
  16 flying skulls
  A satyr skeleton (Crypt:1)
  3 ynoxinuls
  85 yaks
  8 wyverns
  A wyvern (shapeshifter) (Depths:4)
  2 tarantellas (shapeshifter)
  A tarantella (Vaults:2)
  5 dire elephant simulacra (IceCv)
  4 basilisks
  4 fire bats (Depths:1)
  A yak (shapeshifter) (D:15)
  10 water elementals
  A wind drake skeleton (Crypt:3)
  17 wraiths
  2 chaos spawn
  3 neqoxecs
  A golden eye (shapeshifter) (Vaults:1)
  10 vampire mosquitoes
  3 fire elementals
  5 wargs
  19 swamp worms
  3 acid dragons
  5 harpy simulacra (IceCv)
  A soldier ant (shapeshifter) (Elf:3)
  40 nagas
  A soldier ant (D:12)
  17 water moccasins
  4 hydra simulacra (IceCv)
  11 hell hounds
  Duvessa (D:4)
  A floating eye (shapeshifter) (Depths:1)
  9 large abominations
  A floating eye (Depths:2)
  2 black bears
  41 orc warriors
  4 sky beasts
  4 swamp drakes
  2 eyes of draining (shapeshifter)
  An ice beast (D:9)
  An alligator simulacrum (IceCv)
  2 ettin simulacra
  A fire dragon simulacrum (Hell)
  A phantom (D:4)
  A water nymph skeleton (Crypt:3)
  28 ogres
  2 necrophages (Crypt:1)
  6 wolves
  An eye of draining (D:11)
  6 boggarts
  36 centaurs
  A snapping turtle skeleton (Crypt:3)
  A swamp dragon skeleton (Crypt:3)
  A big kobold (D:10)
  Blork the orc (D:5)
  A gnoll sergeant (D:8)
  20 bullfrogs
  A fire crab zombie (Crypt:3)
  9 earth elementals
  2 draconian skeletons
  Dowan (D:4)
  A cyclops zombie (Crypt:1)
  5 scorpions
  A wyvern skeleton (Crypt:2)
  12 killer bees
  A swamp dragon simulacrum (IceCv)
  16 wights
  11 howler monkeys
  2 electric eels (D:9)
  11 jellies
  8 crimson imps
  2 bullfrog zombies
  2 centaur zombies
  A quasit (Depths:3)
  3 draconian simulacra (IceCv)
  15 hounds
  A gnoll shaman (D:5)
  13 orc priests
  4 centaur skeletons
  A hound (shapeshifter) (Vaults:2)
  4 iron imps
  Natasha (thrice) (D:2)
  21 orc wizards
  A black bear skeleton (Crypt:2)
  2 iguanas
  10 worker ants
  5 hell rats
  4 troll simulacra (IceCv)
  2 wolf simulacra (IceCv)
  3 centaur simulacra (IceCv)
  A naga skeleton (Crypt:2)
  A sky beast zombie (Crypt:3)
  A hound skeleton (D:9)
  A scorpion zombie (Crypt:3)
  15 adders
  19 gnolls
  3 naga simulacra (IceCv)
  2 ogre simulacra (IceCv)
  A shadow imp (D:9)
  8 white imps
  10 ufetubi
  An ooze (D:1)
  A halfling zombie (Crypt:1)
  An iguana zombie (Crypt:3)
  3 adder skeletons
  A worm (shapeshifter) (Vaults:5)
  3 worms
  2 dart slugs
  5 leopard geckos
  86 orcs
  8 bats
  6 giant cockroaches
  8 goblins
  10 hobgoblins
  7 jackals
  2 quokkas
  5 ball pythons (D:2)
  A ball python skeleton (Crypt:1)
  3 frilled lizards
  A goblin skeleton (Crypt:1)
  A jackal skeleton (D:8)
  8 kobolds
  A quokka skeleton (D:7)
  9 rats
  3 crawling corpses (Elf:3)
  A fire vortex (Depths:1)
  2 starspawn tentacles (Abyss:2)
2271 creatures vanquished.

Vanquished Creatures (others)
  Asterion (D:14)
  A hydra (Swamp:3)
  A death yak (Lair:6)
  A deep elf knight (Elf:2)
  A deep elf archer (Elf:1)
  A shadow dragon zombie (Hell)
  A deep elf mage (Elf:2)
  A yaktaur (Vaults:2)
  7 bloated husks
  A yak (Lair:6)
  A fire elemental (Elf:3)
  A hell hound (Depths:1)
  A jelly (D:6)
  A worker ant (D:6)
  A dart slug (D:3)
  2 orcs
  21 foxfires
  35 fungi
  49 plants
  7 starspawn tentacles
135 creatures vanquished.

Grand Total: 2406 creatures vanquished

Notes
Turn   | Place    | Note
-------+----------+-------------------------------------------
     0 | D:1      | Amplified the Draconian Hedge Wizard began the quest for
                  | the Orb.
     0 | D:1      | Reached XP level 1. HP: 14/14 MP: 4/4
   365 | D:1      | Reached XP level 2. HP: 16/22 MP: 3/6
   368 | D:1      | Learned a level 2 spell: Blink
   918 | D:1      | Reached skill level 1 in Fighting
   925 | D:1      | Reached skill level 1 in Short Blades
  1389 | D:1      | Reached XP level 3. HP: 20/28 MP: 7/7
  1831 | D:2      | Noticed Natasha
  1857 | D:2      | Killed Natasha
  2016 | D:2      | Reached XP level 4. HP: 31/36 MP: 5/9
  2180 | D:2      | Reached skill level 2 in Fighting
  2405 | D:2      | Noticed Natasha
  2410 | D:2      | Killed Natasha
  2674 | D:2      | Noticed Natasha
  2683 | D:2      | Killed Natasha
  2684 | D:2      | Reached XP level 5. HP: 38/42 MP: 7/10
  2718 | D:2      | Found an opulent altar of Gozag.
  2718 | D:2      | Found a radiant altar of Vehumet.
  2727 | D:2      | Became a worshipper of Vehumet
  3015 | D:3      | Found a snail-covered altar of Cheibriados.
  3079 | D:3      | Learned a level 2 spell: Slow
  3084 | D:3      | Reached * piety under Vehumet
  3084 | D:3      | Offered knowledge of Sandblast by Vehumet.
  3085 | D:3      | Reached skill level 3 in Fighting
  3085 | D:3      | Reached XP level 6. HP: 45/51 MP: 10/12
  3207 | D:3      | Learned a level 3 spell: Mephitic Cloud
  3597 | D:3      | Found a burning altar of Makhleb.
  3597 | D:3      | Found a shimmering altar of Xom.
  3683 | D:3      | You fall into a shaft and drop 3 floors!
  3703 | D:5      | Entered Level 5 of the Dungeon
  3915 | D:3      | Your scales start taking on an icy white colour.
  3915 | D:3      | Reached XP level 7. HP: 38/58 MP: 13/13
  3915 | D:3      | Gained mutation: Your flesh is cold resistant. (rC+) [White
                  | Draconian growth]
  4196 | D:3      | Reached skill level 4 in Fighting
  4513 | D:5      | Found a staircase to the Ecumenical Temple.
  4597 | D:5      | Noticed a moth of wrath
  4600 | D:5      | Found a bloodstained altar of Trog.
  4716 | D:5      | Noticed Blork the orc
  4724 | D:5      | Killed Blork the orc
  4804 | D:5      | Reached skill level 5 in Spellcasting
  5209 | D:6      | Found a hazy altar of Hepliaklqana.
  5209 | D:6      | Found a sparkling altar of Nemelex Xobeh.
  5480 | D:6      | Reached XP level 8. HP: 61/67 MP: 15/15
  5782 | D:6      | Reached skill level 5 in Fighting
  5783 | D:6      | Reached ** piety under Vehumet
  5783 | D:6      | Offered knowledge of Freeze by Vehumet.
  5808 | D:6      | Reached skill level 5 in Short Blades
  5808 | D:6      | Reached skill level 5 in Dodging
  6192 | D:6      | Found a glowing silver altar of Zin.
  6483 | D:5      | Learned a level 1 spell: Freeze
  6890 | D:5      | Reached skill level 6 in Fighting
  7189 | D:4      | Learned a level 4 spell: Airstrike
  7220 | D:4      | Reached XP level 9. HP: 71/75 MP: 18/18
  7234 | D:4      | Offered knowledge of Inner Flame by Vehumet.
  7276 | D:4      | Found Guyg's Jewellery Shop.
  7336 | D:4      | Found a shadowy altar of Dithmenos.
  7423 | D:4      | Found a hide-covered altar of Uskayaw.
  7516 | D:4      | Reached skill level 1 in Air Magic
  7533 | D:4      | Found an ancient bone altar of Kikubaaqudgha.
  7572 | D:4      | Noticed Dowan
  7590 | D:4      | Noticed Duvessa
  7620 | D:4      | Killed Duvessa
  7636 | D:4      | Killed Dowan
  7827 | D:7      | Reached *** piety under Vehumet
  8040 | D:7      | Reached skill level 7 in Fighting
  8521 | D:7      | Noticed Joseph
  8542 | D:7      | Killed Joseph
  8542 | D:7      | Offered knowledge of Fulminant Prism by Vehumet.
  8757 | D:8      | Found a blossoming altar of Fedhas.
  8815 | D:8      | Reached XP level 10. HP: 81/88 MP: 7/19
  8820 | D:8      | Reached **** piety under Vehumet
  8988 | D:8      | Offered knowledge of Irradiate by Vehumet.
  9071 | D:8      | Found a transporter.
  9087 | D:8      | Found a transporter.
  9094 | D:8      | Noticed a moth of wrath
  9096 | D:8      | Noticed lysyklops's ghost (novice OpCj)
  9098 | D:8      | Found a bloodstained altar of Trog.
  9187 | D:8      | Reached skill level 8 in Fighting
  9187 | D:8      | Reached skill level 1 in Staves
  9587 | D:8      | Learned a level 5 spell: Irradiate
 10053 | D:9      | Found a staircase to the Lair.
 10527 | D:9      | Reached skill level 5 in Air Magic
 10971 | D:10     | Entered Level 10 of the Dungeon
 10971 | D:10     | Noticed a gargoyle
 10974 | D:10     | Killed a gargoyle
 11025 | D:10     | Noticed a gargoyle
 11037 | D:10     | Killed a gargoyle
 11052 | D:10     | Reached ***** piety under Vehumet
 11080 | D:10     | Reached skill level 9 in Fighting
 11146 | D:10     | Offered knowledge of Yara's Violent Unravelling by Vehumet.
 11425 | D:10     | Found a staircase to the Orcish Mines.
 11443 | D:10     | Reached XP level 11. HP: 97/97 MP: 20/20
 11980 | D:10     | Found Kyifom's Distillery.
 12012 | D:10     | Bought a potion of curing for 33 gold pieces
 12012 | D:10     | Bought a potion of curing for 33 gold pieces
 12012 | D:10     | Bought 2 potions of heal wounds for 110 gold pieces
 12317 | D:11     | Identified a scroll of acquirement
 12317 | D:11     | Acquired the ring "Otaryozo" {*Corrode rPois rC+++ MP+9
                  | Int+4}
 12377 | D:11     | Noticed a white ugly thing
 12397 | D:11     | Killed a white ugly thing
 12581 | D:11     | Noticed a two-headed ogre
 12592 | D:11     | Killed a two-headed ogre
 12617 | D:11     | Noticed a six-headed hydra
 12905 | D:11     | Learned a level 5 spell: Yara's Violent Unravelling
 12967 | D:11     | Reached skill level 5 in Staves
 13212 | D:11     | Noticed a cyan ugly thing
 13224 | D:11     | Killed a cyan ugly thing
 13225 | D:11     | Reached skill level 1 in Transmutations
 13677 | D:11     | Killed an unseen horror
 13884 | D:12     | Found a shadowy altar of Dithmenos.
 13955 | D:12     | Found Kinutroq's Assorted Antiques.
 13961 | D:12     | Bought a scroll of teleportation for 90 gold pieces
 13961 | D:12     | Bought a scroll of enchant armour for 225 gold pieces
 14005 | D:12     | Noticed a green ugly thing
 14050 | D:12     | Found a gate leading to a gauntlet.
 14056 | Gauntlet | Entered a Gauntlet
 14056 | Gauntlet | Found a transporter.
 14056 | Gauntlet | Found a transporter.
 14071 | Gauntlet | Noticed a shining eye
 14150 | Gauntlet | Found a transporter.
 14164 | Gauntlet | Noticed a death scarab
 14167 | Gauntlet | Noticed a death scarab
 14168 | Gauntlet | Found a transporter.
 14168 | Gauntlet | Found a transporter.
 14170 | Gauntlet | Found a transporter.
 14170 | Gauntlet | Found a transporter.
 14171 | Gauntlet | Found a transporter.
 14176 | Gauntlet | Noticed a death ooze
 14183 | Gauntlet | Found a transporter.
 14199 | Gauntlet | Found a transporter.
 14209 | Gauntlet | Found a transporter.
 14209 | Gauntlet | Noticed a fire crab
 14214 | Gauntlet | Found a transporter.
 14248 | Gauntlet | Found a transporter.
 14261 | Gauntlet | Found a transporter.
 14303 | Gauntlet | Got a blackened hat
 14324 | Gauntlet | Identified the +1 hat of the Worm {rElec} (You found it in
                  | a Gauntlet)
 14375 | Gauntlet | Killed a death scarab
 14385 | Gauntlet | Offered knowledge of Iron Shot by Vehumet.
 14386 | Gauntlet | Reached skill level 10 in Fighting
 14421 | Gauntlet | Killed a death scarab
 14451 | Gauntlet | Got a sparkling jade ring
 14456 | Gauntlet | Identified the ring "Fuemu" {rF+ EV+4 Dex+3} (You found it
                  | in a Gauntlet)
 14625 | Gauntlet | Got a twitching amethyst amulet
 14644 | Gauntlet | Identified the amulet of Julyhem {rElec rC+ Regen+} (You
                  | found it in a Gauntlet)
 14703 | Gauntlet | Noticed a minotaur
 14735 | Gauntlet | Killed a minotaur
 14818 | D:12     | Killed a red ugly thing
 14819 | D:12     | Reached XP level 12. HP: 105/106 MP: 13/23
 15883 | Lair:1   | Entered Level 1 of the Lair of Beasts
 16801 | Lair:1   | Reached skill level 5 in Conjurations
 16970 | Lair:2   | Found a staircase to the Swamp.
 17155 | Lair:2   | Noticed a six-headed hydra
 17180 | Lair:2   | Killed a six-headed hydra
 17583 | Lair:2   | You fall into a shaft and drop 2 floors!
 17648 | Lair:4   | Reached skill level 11 in Fighting
 17652 | Lair:4   | Reached skill level 1 in Hexes
 17809 | Lair:4   | Noticed an eight-headed hydra
 17842 | Lair:4   | Killed an eight-headed hydra
 17842 | Lair:4   | Noticed an eight-headed hydra
 17843 | Lair:4   | Reached skill level 5 in Transmutations
 17867 | Lair:4   | Killed an eight-headed hydra
 18030 | Lair:4   | Found a staircase to the Snake Pit.
 18176 | Lair:4   | Found the +2 cloak of the Thief {*Fog Slay-2 SInv Stlth+}
 18286 | Lair:4   | Reached XP level 13. HP: 107/113 MP: 25/25
 18991 | Lair:5   | Noticed Snorg
 19330 | Lair:5   | Killed Snorg
 19331 | Lair:5   | Reached skill level 10 in Dodging
 19959 | Lair:6   | Entered Level 6 of the Lair of Beasts
 20225 | Lair:5   | Offered knowledge of Bolt of Magma by Vehumet.
 20830 | Lair:6   | Found a staircase to the Slime Pits.
 21090 | Lair:6   | Reached skill level 12 in Fighting
 21383 | Lair:6   | Offered knowledge of Freezing Cloud by Vehumet.
 21420 | Lair:6   | Reached XP level 14. HP: 75/122 MP: 27/27
 21428 | Lair:6   | Learned a level 6 spell: Freezing Cloud
 21752 | Lair:6   | Reached skill level 1 in Ice Magic
 22908 | Lair:3   | Noticed Rupert
 23182 | Lair:3   | Killed Rupert
 24359 | Lair:2   | Reached skill level 10 in Spellcasting
 25188 | Orc:1    | Entered Level 1 of the Orcish Mines
 25188 | Orc:1    | Noticed Jorgrun
 25203 | Orc:1    | Killed Jorgrun
 25204 | Orc:1    | Reached skill level 5 in Ice Magic
 25209 | Orc:1    | Noticed Erolcha
 25210 | Orc:1    | Noticed a stone giant
 25250 | Orc:1    | Killed Erolcha
 25259 | Orc:1    | Killed a stone giant
 25706 | Orc:1    | Found a dark tunnel.
 25778 | Orc:2    | Entered Level 2 of the Orcish Mines
 25826 | Orc:2    | Noticed Urug
 25843 | Orc:2    | Killed Urug
 26258 | Orc:2    | Reached skill level 13 in Fighting
 26297 | Orc:2    | Reached XP level 15. HP: 99/135 MP: 21/29
 26314 | Orc:2    | Reached skill level 10 in Staves
 26580 | Orc:2    | Found a staircase to the Elven Halls.
 26743 | Orc:2    | Found Pewkat's Jewellery Shop.
 26743 | Orc:2    | Found Sott's Gadget Shoppe.
 26745 | Orc:2    | Found Faxuotruyh's Distillery.
 26747 | Orc:2    | Found Xeyscho's General Store.
 26751 | Orc:2    | Bought a scroll of blinking for 120 gold pieces
 26818 | Orc:2    | Reached ****** piety under Vehumet
 27225 | D:13     | Found Gannener's Book Emporium.
 27232 | D:13     | Bought a book of Necromancy for 450 gold pieces
 27238 | D:13     | Learned a level 5 spell: Agony
 27367 | D:13     | Found Hessy's General Store.
 27381 | D:13     | Found Onade's Assorted Antiques.
 27476 | D:13     | Bought a scroll labelled LAIQIE OTSYOPP for 29 gold pieces
 27684 | D:13     | Found Mais's Gadget Shoppe.
 27687 | D:13     | Found Kioxaod's Weapon Shoppe.
 27688 | D:13     | Found Hudaenuk's Armour Shoppe.
 27701 | D:13     | Found Umunk's Jewellery Shoppe.
 27704 | D:13     | Bought the +9 quarterstaff "Demonbane" {freeze, rPois} for
                  | 951 gold pieces
 27778 | D:13     | Found Fefeiging's Armour Boutique.
 27785 | D:13     | Offered knowledge of Conjure Ball Lightning by Vehumet.
 27829 | D:13     | Found Gaovouc's Gadget Boutique.
 28216 | D:14     | Reached skill level 1 in Necromancy
 28283 | D:14     | Found a gate to the Vaults.
 28923 | D:15     | Entered Level 15 of the Dungeon
 29035 | D:15     | Found a staircase to the Depths.
 29036 | D:15     | Noticed a fire giant
 29042 | D:15     | Killed a fire giant
 29196 | D:15     | Found a portal to a secret trove of treasure.
 29509 | D:15     | Found Jubeq's Antique Armour Shoppe.
 29592 | D:15     | Bought a runed cloak for 262 gold pieces
 29839 | D:15     | Noticed Josephine
 29850 | D:15     | Killed Josephine
 30304 | Snake:1  | Entered Level 1 of the Snake Pit
 31045 | Snake:1  | Offered knowledge of Starburst by Vehumet.
 31978 | Snake:2  | Noticed a nagaraja
 32326 | Snake:3  | Reached XP level 16. HP: 132/145 MP: 28/31
 33807 | Snake:4  | Entered Level 4 of the Snake Pit
 33854 | Snake:4  | Reached skill level 5 in Necromancy
 33915 | Snake:4  | Reached skill level 14 in Fighting
 34383 | Snake:4  | Identified Zezor's Tome of Warped Dark Magic
 35248 | Snake:4  | Offered knowledge of Orb of Destruction by Vehumet.
 36684 | Snake:4  | Got a serpentine rune of Zot
 37093 | Snake:2  | Noticed Aizul
 37437 | Swamp:1  | Entered Level 1 of the Swamp
 37451 | Swamp:1  | Identified the +2 tower shield "Qenagig" {Dex+6 Stlth-}
 37451 | Swamp:1  | Noticed Louise
 37977 | Swamp:1  | Reached XP level 17. HP: 123/154 MP: 20/32
 38063 | Swamp:1  | Identified the +2 quarterstaff of Lyintot {venom, rElec
                  | Dex+3} (You found it on level 1 of the Swamp)
 38211 | Swamp:1  | Reached skill level 10 in Ice Magic
 38338 | Swamp:1  | Killed Louise
 39875 | Swamp:3  | Offered knowledge of Lehudib's Crystal Spear by Vehumet.
 39875 | Swamp:3  | Offered knowledge of Shatter by Vehumet.
 39875 | Swamp:3  | Offered knowledge of Tornado by Vehumet.
 39922 | Swamp:3  | Learned a level 9 spell: Tornado
 40426 | Swamp:3  | Reached skill level 15 in Fighting
 40436 | Swamp:3  | Found an ancient bone altar of Kikubaaqudgha.
 40942 | Swamp:4  | Entered Level 4 of the Swamp
 42025 | Swamp:4  | Reached XP level 18. HP: 139/163 MP: 34/34
 42075 | Swamp:4  | Got a decaying rune of Zot
 42161 | Swamp:4  | Gained mutation: You do not regenerate when monsters are
                  | visible. [mutagenic glow]
 43075 | Elf:1    | Entered Level 1 of the Elven Halls
 43169 | Elf:1    | Found a transporter.
 43197 | Elf:1    | Found a transporter.
 43482 | Elf:1    | Found a frozen archway.
 43552 | IceCv    | Entered an ice cave
 44455 | IceCv    | Noticed an Ice Fiend
 44495 | IceCv    | Killed an Ice Fiend
 44666 | IceCv    | Got a faintly glowing diamond amulet
 44667 | IceCv    | Identified the amulet "Wuzihy" {Spirit +Inv rF+ Stlth+}
                  | (You found it in an ice cave)
 44861 | Elf:1    | Lost mutation: You do not regenerate when monsters are
                  | visible. [potion of mutation]
 44861 | Elf:1    | Gained mutation: Your system is resistant to poisons.
                  | (rPois) [potion of mutation]
 44861 | Elf:1    | Gained mutation: You have a pair of small horns on your
                  | head. [potion of mutation]
 45677 | Elf:2    | Found Ureahod's Distillery.
 45722 | Elf:2    | Found Xointoj's General Store.
 45729 | Elf:2    | Bought a scroll of blinking for 97 gold pieces
 45785 | Elf:2    | Reached skill level 1 in Evocations
 45945 | Elf:2    | Found Batrejod's Antique Armour Boutique.
 45959 | Elf:2    | Found Rolyr's General Store.
 46073 | Elf:2    | Bought a throwing net for 63 gold pieces
 46259 | Elf:2    | Found a runed translucent gate.
 46259 | Elf:2    | Found a runed translucent gate.
 46259 | Elf:2    | Found a runed translucent gate.
 46333 | Elf:3    | Entered Level 3 of the Elven Halls
 46369 | Elf:3    | Found Jocriane's Book Shop.
 46459 | Elf:1    | Noticed Frances
 46469 | Elf:1    | Killed Frances
 46520 | Elf:1    | Identified the ring of Kuaterit {*Tele rF+ Slay+3} (You
                  | found it on level 1 of the Elven Halls)
 46827 | Vaults:1 | Entered Level 1 of the Vaults
 46977 | Vaults:1 | Noticed Asterion
 47020 | D:14     | Killed Asterion
 47427 | Vaults:2 | Reached skill level 16 in Fighting
 47434 | Vaults:2 | Gained mutation: You occasionally shout uncontrollably at
                  | your foes. [you]
 47642 | Vaults:1 | Paralysed by an ogre mage for 3 turns
 47985 | Vaults:1 | Reached XP level 19. HP: 146/172 MP: 36/36
 48618 | Vaults:1 | Reached skill level 10 in Necromancy
 49978 | Vaults:2 | Reached skill level 5 in Evocations
 50178 | Vaults:2 | Gained mutation: You are occasionally teleported next to
                  | monsters. [a neqoxec]
 50222 | Vaults:2 | Noticed a lich
 50237 | Vaults:2 | Killed a lich
 50940 | Vaults:2 | Found a staircase to the Crypt.
 53307 | Vaults:3 | Reached skill level 5 in Stealth
 53307 | Vaults:3 | Reached XP level 20. HP: 155/183 MP: 31/37
 53438 | Vaults:3 | Identified the ring "Jocynu" {+Blink AC+4 Dex+2} (You found
                  | it on level 3 of the Vaults)
 54006 | Vaults:3 | Reached skill level 17 in Fighting
 54141 | Vaults:3 | Paralysed by a sphinx for 3 turns
 54352 | Depths:1 | Entered Level 1 of the Depths
 54454 | Depths:1 | Found a gateway to Hell.
 54743 | Depths:1 | Identified the +5 mace "Juhiesit" {venom, *Rage Dex+6}
 55703 | Depths:1 | Identified the +6 scythe of Toifech {speed, rC+} (You found
                  | it on level 1 of the Depths)
 56241 | Depths:2 | Reached skill level 15 in Dodging
 56734 | Hell     | Entered the Vestibule of Hell
 56734 | Hell     | Noticed Geryon
 56957 | Depths:2 | Gained mutation: You are dopey. (Int -2) [mutagenic glow]
 57099 | Depths:2 | Lost mutation: You are dopey. (Int -2) [potion of mutation]
 57099 | Depths:2 | Lost mutation: You have a pair of small horns on your head.
                  | [potion of mutation]
 57099 | Depths:2 | Gained mutation: Your spells are a little harder to cast,
                  | but a little more powerful. [potion of mutation]
 57099 | Depths:2 | Gained mutation: Your large and strong wings let you fly
                  | indefinitely. [potion of mutation]
 57266 | Hell     | Reached XP level 21. HP: 86/192 MP: 39/39
 57981 | Depths:2 | Learned a level 4 spell: Dispel Undead
 58266 | Depths:2 | Found a one-way gate leading to the halls of Pandemonium.
 58499 | Depths:2 | Reached skill level 10 in Stealth
 58739 | Depths:2 | Noticed a juggernaut
 58758 | Depths:2 | Killed a juggernaut
 59069 | Depths:2 | Noticed a juggernaut
 59274 | Depths:2 | Found Fobregor's Antique Weapon Emporium.
 59296 | Depths:2 | Found a one-way gate to the infinite horrors of the Abyss.
 59670 | Depths:3 | Paralysed by a great orb of eyes for 2 turns
 60099 | Depths:2 | Killed a juggernaut
 60828 | Elf:3    | Reached skill level 18 in Fighting
 60839 | Elf:3    | Reached skill level 15 in Spellcasting
 60882 | Elf:1    | Lost mutation: You occasionally shout uncontrollably at
                  | your foes. [potion of mutation]
 60882 | Elf:1    | Lost mutation: Your system is resistant to poisons. (rPois)
                  | [potion of mutation]
 60882 | Elf:1    | Lost mutation: You are occasionally teleported next to
                  | monsters. [potion of mutation]
 60882 | Elf:1    | Gained mutation: Your tail ends in a poisonous barb.
                  | [potion of mutation]
 60882 | Elf:1    | Gained mutation: You are resistant to electric shocks.
                  | (rElec) [potion of mutation]
 60882 | Elf:1    | Gained mutation: Your muscles are strong. (Str +2) [potion
                  | of mutation]
 61508 | Elf:3    | Found a runed translucent gate.
 61508 | Elf:3    | Found a runed translucent gate.
 61511 | Elf:3    | Found a runed translucent gate.
 61511 | Elf:3    | Noticed Almogavar's ghost (adept MiBe)
 61512 | Elf:3    | Found an iron altar of Okawaru.
 61821 | Elf:3    | Identified the +9 flail of Wotwy {elec, Int+4 SInv}
 61960 | Elf:3    | Identified the +6 spear of Lafah {freeze, +Inv}
 62225 | Elf:3    | Identified the +4 mace "Grim" {drain, rN+ Str+6 Int-5}
 62382 | Elf:3    | Identified the +4 demon trident of Ruifahid {elec, +Rage
                  | rF- Int+4 SInv}
 62657 | Elf:3    | Reached XP level 22. HP: 82/196 MP: 24/41
 62666 | Elf:3    | Reached skill level 10 in Evocations
 62808 | Elf:3    | Identified the +9 trident of Slime {venom, Dex+4}
 62808 | Elf:3    | Identified the +1 robe of Ijucex {+Blink rF+}
 62947 | Elf:3    | Gained mutation: You tend to lose your temper in combat.
                  | [you]
 63141 | Elf:3    | Identified the Disquisition on Poison and Ice
 63162 | Elf:3    | Identified the Incunabulum of Blistering Venom
 63192 | Elf:3    | Identified the cursed +0 hat "Cuokiuz" {Str+3} (You found
                  | it on level 3 of the Elven Halls)
 63525 | Elf:3    | Killed Almogavar's ghost
 63761 | Elf:3    | Got a faintly glowing rapier
 63762 | Elf:3    | Identified the cursed +3 rapier "Iduotseb" {vorpal, rC+ rN+
                  | Will- Str+3} (You found it on level 3 of the Elven Halls)
 65310 | Depths:3 | Noticed a golden dragon
 65327 | Depths:3 | Killed a golden dragon
 65905 | Depths:3 | Found a gateway to a ziggurat.
 66246 | Depths:3 | Learned a level 2 spell: Passwall
 66327 | Depths:3 | Noticed Saint Roka
 66355 | Depths:3 | Killed Saint Roka
 66640 | Depths:5 | Entered Level 5 of the Depths
 66915 | Depths:4 | Lost mutation: Your spells are a little harder to cast, but
                  | a little more powerful. [you]
 66916 | Depths:4 | Gained mutation: You are dopey. (Int -2) [you]
 66917 | Depths:4 | Gained mutation: Your magical capacity is low. (-10% MP)
                  | [you]
 67096 | Depths:3 | Lost mutation: Your magical capacity is low. (-10% MP)
                  | [potion of mutation]
 67096 | Depths:3 | Lost mutation: Your tail ends in a poisonous barb. [potion
                  | of mutation]
 67096 | Depths:3 | Gained mutation: Your flesh is very cold resistant. (rC++)
                  | [potion of mutation]
 67096 | Depths:3 | Gained mutation: You are somewhat resistant to further
                  | mutation. [potion of mutation]
 67098 | Depths:3 | Lost mutation: Your flesh is very cold resistant. (rC++)
                  | [potion of mutation]
 67098 | Depths:3 | Lost mutation: Your large and strong wings let you fly
                  | indefinitely. [potion of mutation]
 67098 | Depths:3 | Lost mutation: You are somewhat resistant to further
                  | mutation. [potion of mutation]
 67098 | Depths:3 | Lost mutation: Your muscles are strong. (Str +2) [potion of
                  | mutation]
 67098 | Depths:3 | Gained mutation: You are covered in fur. (AC +1) [potion of
                  | mutation]
 67256 | Depths:4 | Reached skill level 10 in Air Magic
 67606 | Depths:4 | Noticed a golden dragon
 67631 | Depths:3 | Killed a golden dragon
 67943 | Depths:4 | Found Gozag's Antique Weapon Shoppe.
 67948 | Depths:4 | Found an opulent altar of Gozag.
 67948 | Depths:4 | Found Gozag's Antique Weapon Shoppe.
 67949 | Depths:4 | Identified the +1 great sword of Wukhaguj {chaos, rPois rF+
                  | Will- Int+3}
 68235 | Depths:4 | Found Gozag's Antique Armour Emporium.
 68253 | Depths:4 | Bought a pair of embroidered gloves for 750 gold pieces
 68559 | Depths:4 | Reached XP level 23. HP: 165/211 MP: 42/42
 68656 | Depths:5 | Reached skill level 19 in Fighting
 69292 | Depths:5 | Noticed a caustic shrike
 69304 | Depths:5 | Killed a caustic shrike
 69307 | Depths:5 | Noticed a caustic shrike
 69315 | Depths:5 | Killed a caustic shrike
 69351 | Depths:5 | Noticed a caustic shrike
 69364 | Depths:5 | Killed a caustic shrike
 69456 | Depths:5 | Noticed a caustic shrike
 69465 | Depths:5 | Noticed a caustic shrike
 69490 | Depths:5 | Killed a caustic shrike
 69495 | Depths:5 | Killed a caustic shrike
 69807 | Depths:5 | Noticed Sojobo
 69813 | Depths:5 | Found an iron altar of Okawaru.
 70615 | Hell     | Killed Geryon
 70811 | D:15     | You paid a toll of the horn of Geryon to enter a treasure
                  | trove
 70812 | Trove    | Entered a treasure trove
 70818 | Trove    | Got an ivory battleaxe
 70831 | Trove    | Got a masterwork dagger
 70855 | D:15     | Identified the +6 battleaxe "Ekhluruutt" {protect, rElec
                  | rF+ rC- rN+} (You found it in a treasure trove)
 70857 | D:15     | Identified the +7 dagger of Ru's Supremacy {vamp, rF+} (You
                  | found it in a treasure trove)
 71111 | Crypt:1  | Entered Level 1 of the Crypt
 71354 | Crypt:1  | Found a runed translucent door.
 71357 | Crypt:1  | Noticed Teduw's ghost (veteran MiGl)
 71579 | Crypt:2  | Lost mutation: You are dopey. (Int -2) [you]
 72010 | Crypt:2  | Found a magical portal.
 72065 | WizLab   | Entered Wucad Mu's Monastery
 72154 | WizLab   | Found the +9 staff of Wucad Mu {*channel}
 72226 | WizLab   | Reached XP level 24. HP: 222/222 MP: 30/43
 72446 | Crypt:3  | Entered Level 3 of the Crypt
 73239 | Crypt:2  | Found a runed translucent gate.
 73239 | Crypt:2  | Found a runed translucent gate.
 73240 | Crypt:2  | Found a runed translucent gate.
 73241 | Crypt:2  | Noticed Osipn's ghost (veteran MiGl)
 73241 | Crypt:2  | Identified the +4 double sword of the Final Chapter
                  | {protect, *Drain rElec rN+ Int+5}
 73242 | Crypt:2  | Identified the +2 leather armour of Feasting {Harm +Inv
                  | Int-4}
 73245 | Crypt:2  | Identified the ring of Cyran {MP+9 SInv}
 73247 | Crypt:2  | Found an iron altar of Okawaru.
 74199 | Crypt:3  | Reached XP level 25. HP: 211/231 MP: 43/43
 74645 | Crypt:3  | Found a runed translucent gate.
 74645 | Crypt:3  | Found a runed translucent gate.
 74645 | Crypt:3  | Found a runed translucent gate.
 74647 | Crypt:3  | Found an opulent altar of Gozag.
 74662 | Crypt:3  | Noticed Hynnuzim's ghost (veteran CeHu)
 75115 | Crypt:3  | Found a staircase to the Tomb.
 75137 | Crypt:3  | Upgraded the game from 0.26.1-10-gdfb7c7de75 to
                  | 0.26.1-11-gd32895ea62
 75647 | Crypt:3  | Noticed an ancient lich
 75647 | Crypt:3  | Noticed an ancient lich
 75647 | Crypt:3  | Noticed an ancient lich
 75660 | Crypt:3  | Killed an ancient lich
 75665 | Crypt:3  | Killed an ancient lich
 75666 | Crypt:3  | Reached skill level 20 in Fighting
 75721 | Crypt:3  | Paralysed by an ancient lich for 3 turns
 75725 | Crypt:3  | Killed an ancient lich
 76106 | Crypt:3  | Killed Hynnuzim's ghost
 76643 | Crypt:1  | Got a glittering amber ring
 76644 | Crypt:1  | Identified the ring of the Skies Above {rN+ SInv Stlth-}
                  | (You found it on level 1 of the Crypt)
 77258 | Crypt:1  | Killed Teduw's ghost
 77266 | Crypt:1  | Acquired the +3 Elemental Staff {rElec rF++ rC++ Will++
                  | AC+5}
 77267 | Crypt:1  | Found the +3 Elemental Staff {rElec rF++ rC++ Will++ AC+5}
 77369 | Crypt:1  | Learned a level 5 spell: Silence
 77520 | Vaults:5 | Entered Level 5 of the Vaults
 77699 | Vaults:5 | Learned a level 6 spell: Simulacrum
 78033 | Vaults:5 | Found Dymit's General Store.
 78040 | Vaults:5 | Bought a wand of acid (14) for 612 gold pieces
 78043 | Vaults:5 | Got a silver rune of Zot
 78260 | Vaults:5 | Reached skill level 15 in Necromancy
 78336 | Vaults:5 | HP: 6/229 [tentacled monstrosity (11)]
 78345 | Vaults:5 | HP: 8/229 [tentacled monstrosity (1)]
 78349 | Vaults:5 | Identified the +1 plate armour "Socuoduaxe" {rElec rCorr
                  | Int-5 Dex+2}
 78733 | Vaults:5 | Reached XP level 26. HP: 220/240 MP: 44/44
 78938 | Vaults:5 | Found Atyost's Armour Boutique.
 79011 | Vaults:5 | Bought a +1 buckler of protection for 297 gold pieces
 79044 | Vaults:5 | Gained mutation: You are frail. (-10% HP) [you]
 79089 | Vaults:5 | Reached skill level 1 in Shields
 79371 | Vaults:5 | Identified the +1 halberd of Ragnarok {antimagic, *Rage
                  | Will+ Int+7}
 79518 | Vaults:5 | Identified the ring of Fatusianyph {Wiz rF+ rN+}
 80479 | Vaults:5 | Identified Necievott's Volume of Creative Flight
 80550 | Vaults:5 | Identified the Disquisition on Supportive Stones
 80565 | Vaults:5 | Got a warped ivory ring
 80566 | Vaults:5 | Identified the ring of Gorghaoch {rF- rC+ AC+4 Str+7} (You
                  | found it on level 5 of the Vaults)
 80578 | Vaults:5 | Identified the +1 trident "Newt's Foe" {freeze, +Fly rF+
                  | Will- Stlth+} (You found it on level 5 of the Vaults)
 80597 | Vaults:5 | Identified the +7 great sword of the Vaults {holy, MP+9}
                  | (You found it on level 5 of the Vaults)
 80723 | Vaults:5 | Identified the ring "Vowky" {Wiz rC+ MP+9 Int+5}
 81254 | Vaults:5 | Reached skill level 21 in Fighting
 81434 | Vaults:4 | Lost mutation: You are resistant to electric shocks.
                  | (rElec) [potion of mutation]
 81434 | Vaults:4 | Lost mutation: You tend to lose your temper in combat.
                  | [potion of mutation]
 81434 | Vaults:4 | Lost mutation: You are frail. (-10% HP) [potion of
                  | mutation]
 81434 | Vaults:4 | Lost mutation: You are covered in fur. (AC +1) [potion of
                  | mutation]
 81434 | Vaults:4 | Gained mutation: You possess an exceptional clarity of
                  | mind. [potion of mutation]
 81434 | Vaults:4 | Gained mutation: Scrolls take you a little longer to read.
                  | [potion of mutation]
 81434 | Vaults:4 | Gained mutation: You are robust. (+10% HP) [potion of
                  | mutation]
 81434 | Vaults:4 | Gained mutation: Your system is resistant to poisons.
                  | (rPois) [potion of mutation]
 81692 | Depths:2 | Voluntarily entered the Abyss.
 81799 | Abyss:2  | Found a corrupted altar of Lugonu.
 81812 | Abyss:2  | Found a corrupted altar of Lugonu.
 81851 | Abyss:2  | Learned a level 3 spell: Ozocubu's Armour
 82851 | Abyss:3  | Gained mutation: You are dopey. (Int -2) [you]
 82870 | Abyss:3  | Got an abyssal rune of Zot
 82886 | Depths:2 | Escaped the Abyss
 83553 | Depths:5 | Gained mutation: Your magical capacity is low. (-10% MP)
                  | [you]
 83953 | Depths:5 | Reached XP level 27. HP: 186/276 MP: 40/40
 84115 | Depths:5 | Found a gate to the Realm of Zot.
 84125 | Depths:5 | Lost mutation: Scrolls take you a little longer to read.
                  | [potion of mutation]
 84125 | Depths:5 | Lost mutation: You are dopey. (Int -2) [potion of mutation]
 84125 | Depths:5 | Lost mutation: Your system is resistant to poisons. (rPois)
                  | [potion of mutation]
 84125 | Depths:5 | Lost mutation: Your magical capacity is low. (-10% MP)
                  | [potion of mutation]
 84125 | Depths:5 | Gained mutation: You evolve. [potion of mutation]
 84125 | Depths:5 | Gained mutation: Your spells are a little harder to cast,
                  | but a little more powerful. [potion of mutation]
 84125 | Depths:5 | Gained mutation: You occasionally shout uncontrollably at
                  | your foes. [potion of mutation]
 84125 | Depths:5 | Gained mutation: You have a pair of small antennae on your
                  | head. [potion of mutation]
 84336 | Zot:1    | Entered Level 1 of the Realm of Zot
 84646 | Zot:1    | Reached skill level 15 in Air Magic
 85565 | Elf:3    | Bought a book of the Earth for 1040 gold pieces
 85565 | Elf:3    | Bought a book of Power for 720 gold pieces
 85602 | Elf:2    | Learned a level 6 spell: Statue Form
 86042 | Zot:2    | Reached skill level 1 in Earth Magic
 86549 | Zot:2    | Lost mutation: You are robust. (+10% HP) [you]
 86554 | Zot:2    | Gained mutation: Scrolls take you a little longer to read.
                  | [you]
 86554 | Zot:2    | Gained mutation: You are frail. (-10% HP) [mutagenic glow]
 86563 | Zot:2    | Gained mutation: You are clumsy. (Dex -2) [mutagenic glow]
 86565 | Zot:2    | Killed from afar by a lich

Illustrated notes

Levels and vault maps discovered:
D:1:      nicolae_arrival_washed_ashore, layout_basic, minmay_tetromino_t2
D:2:      layout_rooms, gammafunk_temple_overflow_statue,
          minmay_shallow_snake_nest, uniq_natasha
D:3:      layout_loops_ring, grunt_temple_overflow_champion_of_chaos,
          cheibriados_altar_1
D:4:      layout_rooms, kennysheep_mini_moat, general_overflow_altar,
          lemuel_coloured_pillars_altar, serial_shops, shop,
          corexii_corridor_pit, uniq_duvessa
D:5:      layout_basic, temple_doors_e, tgw_trog, uniq_blork_the_orc
D:6:      layout_loops_corners, zin_treasury,
          chequers_temple_overflow_statue_of_worship
D:7:      layout_loops_ring, kennysheep_crisscross, serial_bayou_pond_d,
          uniq_joseph
D:8:      layout_basic, gammafunk_ghost_wrathful_warriors, chequers_avenue,
          amcnicky_altar_gilded
D:9:      layout_irregular_city, erik_lair_island
D:10:     layout_stronghold, erik_orc_3, serial_shops, nicolae_shop_statue_plus
D:11:     layout_roguey, minivault_25
D:12:     layout_loops_corners, gauntlet_entry_generic, serial_shops,
          nicolae_shop_overgrown_old_shop, nicolae_dithmenos_the_darkroom
D:13:     layout_stronghold, serial_shops, shop_fountains,
          nicolae_shop_waterfront, shop, shop, nicolae_shop_statue_plus,
          minmay_shop_grid_forest
D:14:     layout_basic, david_vaults_1, serial_park_square3
          [serial_park_minivault_5x5_2]
D:15:     grunt_enter_depths_giant_problem, layout_loops_cross, serial_shops,
          shop, minmay_misc_feat_rugged, nicolae_trove_entry_free_sample,
          hangedman_decor_lopped, minivault_26, uniq_josephine
Lair:1:   layout_regular_city, chequers_serial_rivers_large_b,
          grunt_forest_small_clearings, ldierk_geyser, dpeg_stationary_puzzle,
          infiniplex_staircase_pool_2
Lair:2:   layout_small_grid, skrybe_swamp_entry_bodies
Lair:3:   layout_cave_pods, serial_bayou_shore_a, minmay_lair_oklob_chamber,
          grunt_megastairs_1, uniq_rupert
Lair:4:   layout_loops_ring, minmay_snake_entry_guardpost_small,
          grunt_megastairs_4
Lair:5:   layout_misc_corridors, minivault_25, ldierk_geyser, uniq_snorg
Lair:6:   evilmike_catoblepas_cave, layout_cave_shapes,
          minmay_slime_entry_pillars, grunt_megastairs_3
Swamp:1:  layout_basic_swamp, evilmike_swamp_ruin_house_5, hangedman_swamp_dais,
          uniq_louise
Swamp:2:  layout_basic_swamp, nicolae_swamp_triple_paths, swamp_pool1,
          st_swamp_mini
Swamp:3:  layout_falls_marsh, evilmike_swamp_ruin_house_3, swamp_pool2,
          grunt_ruined_hall
Swamp:4:  nzn_swamp_witches_coven, layout_basic_swamp, swamp_pool4
Snake:1:  layout_chambers
Snake:2:  layout_rooms, uniq_azrael, uniq_aizul, uniq_vashnia
Snake:3:  layout_layer_cave, statue_in_the_mist_lemuel
Snake:4:  snake_pit, layout_cave_shapes, lemuel_fruit_tree
Orc:1:    layout_caves, enter_volcano_4, uniq_erolcha, uniq_jorgrun
Orc:2:    st_orc_rangers, layout_diamond_mine, uniq_urug
Elf:1:    gammafunk_sealed_arena, layout_gridlike,
          portal_ice_cave_entry_ice_statue_one, kennysheep_underground_church,
          uniq_frances
Elf:2:    layout_geoelf_diagonals, serial_shops, nicolae_shop_trees,
          nicolae_shop_crystal, nicolae_shop_crystal, nicolae_shop_behind_doors
Elf:3:    elf_hall, layout_geoelf_castle, gammafunk_ghost_fury_of_okawaru,
          serial_shops, nicolae_shop_competitors_out_of_business
Vaults:1: hangedman_vaults_corner, v_misc_8, nicolae_vaults_bisected_exclaves,
          nicolae_vaults_mini_display_case, nicolae_vaults_twisting_passages,
          vaults_mumra_hex, nicolae_vaults_network_star,
          grunt_vaults_hallway_long, ontoclasm_vaults_gateway,
          vaults_dpeg_diagonal, layout_vaults_omnicross, uniq_asterion
Vaults:2: v_misc_1, minmay_crypt_entry_nasty_monster, v_misc_10,
          vaults_mumra_hexcomb, hangedman_vaults_stretched_pinwheel,
          nicolae_vaults_border_crossing, layout_vaults_chaotic_city
Vaults:3: vaults_mumra_bighexcomb, v_misc_4, vaults_room_pools,
          vaults_room_pools, vaults_mumra_lcd, nicolae_vaults_circle_grid_a,
          layout_vaults_quadrants
Vaults:4: v_misc_15, v_rooms_1, grunt_vaults_hallway_short,
          hangedman_vaults_stretched_pinwheel, hangedman_vaults_variations,
          v_misc_3, v_alt_pattern_4, vaults_room_pool,
          nicolae_vaults_yaktaur_gun_rack, vaults_dpeg_encased_lava,
          nicolae_vaults_circle_grid_a, layout_vaults_maze_snakey
Vaults:5
Crypt:1:  layout_chaotic_city, ebering_ghost_reflecting_pool, minivault_14,
          small_chamber_with_monster, grunt_crypt_arrival_split, uniq_donald
Crypt:2:  layout_misc_corridors, mu_enter_wizlab_2,
          gammafunk_ghost_fury_of_okawaru, st_stairs_11
Crypt:3:  david_glass_crypt, layout_misc_corridors, tomb_entry_simple_bobbens,
          ebering_ghost_gozag, skrybe_necro_troll_2
Depths:1: layout_gridlike, hellmouth_3, corexii_corridor_pit,
          grunt_ministairs_5, minmay_alternating_orb, kennysheep_random_hallway,
          serial_bayou_shore_b
Depths:2: minmay_outward_triangles, layout_gridlike, serial_shops, shop,
          serial_rivers, chequers_serial_rivers_micro_e,
          chequers_serial_rivers_room_a, chequers_serial_rivers_large_a,
          chequers_serial_rivers_room_b, chequers_serial_rivers_small_b,
          chequers_serial_rivers_small_3, rand_demon_pan_entry_1,
          pf_hell_entry_great_geh, hangedman_abyss_entry_splay
Depths:3: minmay_the_grid_four_pointed_star_mashed
          [minmay_the_grid_triangle_9x9_odd_lines,
          minmay_the_grid_triangle_9x9_minimal,
          minmay_the_grid_triangle_9x9_zippers_horizontal,
          minmay_the_grid_triangle_9x9_intruding_spiral,
          minmay_the_grid_prize_inner_circle], layout_gridville,
          enter_ziggurat_d, grunt_pan_entry_spiral, pf_coc_iceberg,
          serial_bayou_shore_b, uniq_saint_roka
Depths:4: kennysheep_gozag_temple, layout_cave_pools, abyss_entry,
          minmay_strange_pillars, hell_entry
Depths:5: grunt_zot_entry_gee_three, layout_twisted_cross, grunt_hell_horde,
          special_room [special_room_jelly], pan_entry,
          hangedman_decor_peaks_small, okawaru_ov_weapons_minmay, uniq_sojobo
Hell
Zot:1:    layout_basic, grunt_ministairs_8, grunt_megastairs_2
Zot:2:    layout_cathedral_of_symmetry, lemuel_lich_library

Skill      XL: |  1  2  3  4  5  6  7  8  9 10 11 12 13 14 15 16 17 18 19 20 21 22 23 24 25 26 27 |
---------------+----------------------------------------------------------------------------------+-----
Dodging        | 2 3 4 5 6 8 9 10 11 12 13 14 15 16 17 | 17.8
Fighting       | 1 2 3 4 6 7 9 10 11 12 13 14 15 16 17 18 19 20 21 | 21.7
Short Blades   | 1 2 3 4 5 7 |  7.1
Spellcasting   | 4 5 6 7 8 9 10 11 12 13 14 15 16 17 18 | 18.6
Air Magic      | 4 6 7 8 9 10 11 12 13 14 15 | 15.1
Staves         | 4 6 7 8 9 11 12 13 14 | 14.0
Conjurations   | 4 5 |  5.4
Transmutations | 3 5 6 7 |  7.3
Hexes          | 2 4 |  4.6
Ice Magic      | 5 7 9 10 | 10.4
Necromancy     | 4 6 8 9 10 12 13 15 | 15.6
Evocations     | 3 6 8 9 11 12 14 | 14.5
Stealth        | 5 9 11 13 14 | 14.1
Shields        | 4 |  4.5
Earth Magic    | 2 |  2.0
Summonings     | |  1.0
Translocations | |  1.0

Action                   |  1- 3 |  4- 6 |  7- 9 | 10-12 | 13-15 | 16-18 | 19-21 | 22-24 | 25-27 || total
-------------------------+-------+-------+-------+-------+-------+-------+-------+-------+-------++-------
Melee: Dagger            |    72 |       |       |       |       |       |       |       |       ||    72
       Tailslap          |    19 |    21 |    73 |   204 |   405 |   285 |   374 |   320 |   518 ||  2219
       Short sword       |    30 |   173 |   467 |   606 |       |       |       |       |       ||  1276
       Rapier            |       |       |       |   556 |  1686 |       |       |       |       ||  2242
       Quarterstaff      |       |       |       |       |   422 |  1473 |       |   504 |   469 ||  2868
       Lajatang          |       |       |       |       |    17 |   196 |  1767 |   905 |       ||  2885
       Headbutt          |       |       |       |       |       |    63 |   376 |       |       ||   439
       Staff             |       |       |       |       |       |       |       |       |  1703 ||  1703
 Cast: Magic Dart        |    33 |    15 |     6 |       |       |       |       |       |       ||    54
       Mephitic Cloud    |       |     1 |     2 |     5 |    11 |     1 |     1 |       |       ||    21
       Freeze            |       |       |     4 |       |       |       |       |       |       ||     4
       Airstrike         |       |       |    10 |    82 |    31 |    60 |   106 |    32 |    82 ||   403
       Irradiate         |       |       |       |     4 |    49 |    81 |    66 |    35 |    36 ||   271
       Yara's Violent Un |       |       |       |       |     2 |     1 |       |     5 |     8 ||    16
       Freezing Cloud    |       |       |       |       |     1 |       |       |     2 |    26 ||    29
       Agony             |       |       |       |       |     1 |     9 |     6 |       |       ||    16
       Dispel Undead     |       |       |       |       |       |       |       |    68 |    85 ||   153
       Passwall          |       |       |       |       |       |       |       |     3 |    12 ||    15
       Blink             |       |       |       |       |       |       |       |       |     6 ||     6
       Ozocubu's Armour  |       |       |       |       |       |       |       |       |     4 ||     4
       Tornado           |       |       |       |       |       |       |       |       |     1 ||     1
 Abil: Breathe Frost     |       |       |     2 |     1 |     3 |     1 |     2 |       |       ||     9
       Evoke Blink       |       |       |       |       |       |       |     4 |       |       ||     4
       Fly               |       |       |       |       |       |       |     1 |       |       ||     1
       Stop Flying       |       |       |       |       |       |       |     1 |       |       ||     1
Evoke: Wand              |       |     1 |     8 |    18 |    16 |    14 |    13 |     7 |     3 ||    80
       Tin of tremorston |       |       |       |       |     3 |     7 |     3 |     6 |     1 ||    20
       Condenser vane    |       |       |       |       |       |     1 |     4 |     5 |     1 ||    11
       Phantom mirror    |       |       |       |       |       |       |       |       |     1 ||     1
  Use: Scroll            |     7 |     5 |    14 |    15 |    20 |    27 |    15 |    13 |    22 ||   138
       Potion            |     2 |     3 |     4 |    12 |    11 |    11 |     8 |    14 |    10 ||    75
 Stab: Sleeping          |     1 |       |     3 |    11 |     4 |     9 |    11 |     8 |    10 ||    57
       Confused          |       |     1 |     3 |     9 |     9 |     1 |       |       |       ||    23
       Invisible         |       |       |     3 |       |     8 |       |     2 |       |       ||    13
       Distracted        |       |       |       |     2 |     2 |       |     6 |     6 |    11 ||    27
       Petrifying        |       |       |       |     1 |     1 |       |       |       |       ||     2
       Petrified         |       |       |       |       |    10 |       |       |       |       ||    10
Armor: Skin              |    25 |    51 |    81 |   199 |   351 |   333 |   390 |   356 |   611 ||  2397
Dodge: Dodged            |    79 |    96 |   275 |  1096 |  2562 |  2086 |  2149 |  1695 |  1906 || 11944
Block: Other             |       |    31 |    76 |    93 |       |       |       |       |       ||   200
       Reflection        |       |       |     3 |     5 |       |       |       |       |       ||     8
       Buckler           |       |       |       |       |       |       |       |       |   354 ||   354
